 Dungeon Crawl Stone Soup version 0.18-a0-673-gce59692 (webtiles) character file.

1036 Sixotanaka the Covert (level 8, -4/50 HPs)
             Began as an Octopode Assassin on Dec 6, 2015.
             Was an Initiate of Dithmenos.
             Slain by Pikel
             ... wielding a +1 whip of electrocution
              (20 damage)
             ... on level 6 of the Dungeon.
             The game lasted 00:13:15 (4979 turns).

Sixotanaka the Covert (Octopode Assassin)           Turns: 4979, Time: 00:13:15

Health: -4/50      AC:  6    Str: 10    XL:     8   Next: 24%
Magic:  10/10      EV: 12    Int: 13    God:    Dithmenos [......]
Gold:   333        SH:  0    Dex: 16    Spells: 0 memorised, 7 levels left

rFire  . . .     SeeInvis .     u - +2 dagger (protect)
rCold  . . .     Clarity  .     (no shield)
rNeg   . . .     SustAt   .     (helmet restricted)
rPois  .         Gourm    .     (no amulet)
rElec  .         Spirit   .     w - ring of invisibility
rCorr  .         Dismiss  .     (no ring)
rMut   .         Stasis   .     (no ring)
MR     .....                    (no ring)
Stlth  +++++.....               (no ring)
                                (no ring)
                                (no ring)
                                (no ring)

@: about to teleport, not resistant to hostile enchantments, quite stealthy
A: almost no armour, amphibious, 8 rings, constrict 8, camouflage 1, gelatinous
body 1
a: Renounce Religion, Evoke Invisibility


You were on level 6 of the Dungeon.
You worshipped Dithmenos.
Dithmenos was noncommittal.
You were hungry.

You visited 2 branches of the dungeon, and saw 7 of its levels.

You collected 333 gold pieces.


Innate Abilities, Weirdness & Mutations

You cannot wear most types of armour.
You are amphibious.
You can wear up to eight rings at the same time.
You can use your tentacles to constrict eight enemies at once.
Your skin changes colour to match your surroundings (Stealth).
Your rubbery body absorbs attacks (AC +1).


   Skills:
 - Level 2.0 Fighting
 * Level 8.0 Short Blades
 - Level 2.0 Throwing
 - Level 1.0 Dodging
 + Level 8.0 Stealth
 - Level 3.1 Evocations


You had 7 spell levels left.
You didn't know any spells.

Dungeon Overview and Level Annotations

Branches:
Dungeon (6/15)             Temple (1/1) D:5

Altars:
Ashenzari
Cheibriados
Dithmenos
Fedhas
Gozag
Kikubaaqudgha
Makhleb
Okawaru
Pakellas
Qazlal
Ru
Sif Muna
Trog
Vehumet
Yredelemnul
Zin
The Shining One

Annotations:
D:3 chequers's ghost, amateur DsCK
D:4 Robin; Sigmund
D:6 Dowan; Pikel

Inventory:

Hand Weapons
 b - a +0 blowgun
 u - a +2 dagger of protection (weapon)
   (You took it off an orc wizard on level 3 of the Dungeon)
Missiles
 c - 40 poisoned needles
 d - 2 curare-tipped needles
Jewellery
 a - an uncursed amulet of clarity
 o - an uncursed ring of fire
 w - a ring of invisibility (left tentacle)
Wands
 x - a wand of teleportation (1) {@v4}
Scrolls
 j - a scroll of amnesia {unknown}
 k - 2 scrolls of immolation {!r}
 m - a scroll of fear {unknown}
 n - a scroll of teleportation {unknown}
 y - a scroll of blinking {unknown}
Potions
 f - a potion of haste {@q3}
 h - a potion of heal wounds {unknown}
 l - 2 potions of agility
 r - a potion of poison {unknown}
 s - a potion of cancellation {unknown}
 t - a potion of resistance {unknown}
 v - a potion of curing {unknown}
 A - 2 potions of brilliance
 C - a potion of berserk rage {unknown}
Books
 B - an Akashic Record
Comestibles
 e - 6 bread rations
 g - 6 fruits
 i - 2 slices of pizza
 p - 2 meat rations
 q - 5 beef jerkies
 z - a royal jelly

#.###........#
##
##.#......##...
.# ##.#.#.###.#
## .# #.#....#
#.#
.#######...#.#
#.#
......##...#.#
#.#
.####...###).#
#.# .#
####.#<### #e#
.# ###)## #@# .#
#...# #K# .#
#.### #p#######
.######.######
#p.[pph.#
.............#
#######.#
.######.####....
.# ##.## # .#
#...# .#####..##


You could see Pikel, 2 slaves and Dowan.


Message History

You are feeling hungry. 3 slaves and Pikel come into view.
Found 13 stones.
Things that are here:
an animal skin; a human corpse The slave shouts! x2
Pikel shouts!
The slave closely misses you.
You hear a shout!
You closely miss the slave. You grab the slave. You constrict the slave.
You hit the slave. You constrict the slave. The slave barely misses you.
You hit the slave but do no damage. You constrict the slave.
The slave hits you.
You hit the slave. You constrict the slave. You hit the slave.
You squeeze the slave.
You constrict the slave, but do no damage.
The slave barely misses you.
You hit the slave. You squeeze the slave!
You constrict the slave, but do no damage.
You hit the slave. You squeeze the slave.
You kill the slave!
That felt strangely unrewarding.
You barely miss Pikel. Your grab misses Pikel. Pikel barely misses you.
You closely miss Pikel. You grab Pikel. Your squeeze misses Pikel.
You constrict Pikel, but do no damage. You hit Pikel but do no damage.
You squeeze Pikel. You constrict Pikel, but do no damage.
Pikel hits you with a whip of electrocution.
Dowan, Brother of Duvessa comes into view.
He is wielding a dagger.
You hit Pikel but do no damage. You constrict Pikel, but do no damage.
You hit Pikel but do no damage. You constrict Pikel.
Pikel hits you but does no damage.
You hit Pikel but do no damage. You constrict Pikel, but do no damage.
Pikel hits you with a whip of electrocution.
You barely miss Pikel. You squeeze Pikel, but do no damage.
You constrict Pikel.
Unknown command.
You hit Pikel but do no damage. You constrict Pikel. Pikel misses you.
You hit Pikel but do no damage. You squeeze Pikel, but do no damage.
You constrict Pikel. You hit Pikel but do no damage. You constrict Pikel.
Pikel closely misses you.
You hit Pikel but do no damage. You constrict Pikel, but do no damage.
Pikel hits you but does no damage.
You are electrocuted!
* * * LOW HITPOINT WARNING * * *
You hit Pikel. You squeeze Pikel. You constrict Pikel.
A jackal comes into view.
The jackal barks!
You hit Pikel but do no damage. You constrict Pikel.
Pikel hits you with a whip of electrocution.
* * * LOW HITPOINT WARNING * * *
Dowan gestures wildly while chanting.
Dowan blinks!
Read which item? (? for menu, Esc to quit)
Okay, then.
You release your grip on Pikel.
Dowan hits you with a dagger.
* * * LOW HITPOINT WARNING * * *
Things that are here:
an animal skin; a human corpse Zapping:
x - a wand of teleportation {@v4} (will waste charges)
You feel strangely unstable.
Evoking this partially-identified wand wasted a few charges.
Your skill with magical items lets you calculate the power of this device...
This wand has 1 charge left.
Dowan hits you with a dagger.
* * * LOW HITPOINT WARNING * * *
Dowan casts a spell.
Dowan blinks!
Pikel hits you but does no damage.
You are electrocuted!
You die...

Action                   |  1- 3 |  4- 6 |  7- 9 || total
-------------------------+-------+-------+-------++-------
Melee: Dagger            |    55 |    76 |   150 ||   281
 Fire: Blowgun           |     5 |     3 |       ||     8
Evoke: Wand              |       |       |     1 ||     1
  Use: Potion            |     1 |       |       ||     1
       Scroll            |       |     5 |     1 ||     6
 Stab: Sleeping          |     7 |     8 |    10 ||    25
       Distracted        |     1 |     1 |       ||     2
  Eat: Chunk             |     2 |     5 |     5 ||    12

Vault maps used:
D:1:      grunt_arrival_crossed_arrows
D:2:      grunt_temple_overflow_gold_and_silver,
          gammafunk_temple_overflow_pools, uniq_natasha
D:4:      uniq_sigmund, uniq_menkaure, uniq_robin
D:5:      temple_fountains, first_bread
D:6:      uniq_duvessa, uniq_pikel
Temple:   nicolae_temple_god_jail

Notes
Turn   | Place    | Note
--------------------------------------------------------------
     0 | D:1      | Sixotanaka the Octopode Assassin began the quest for the Orb.
     0 | D:1      | Reached XP level 1. HP: 14/14 MP: 1/1
   283 | D:1      | Reached XP level 2. HP: 16/19 MP: 2/2
   674 | D:1      | Reached skill level 6 in Stealth
   674 | D:1      | Reached XP level 3. HP: 8/24 MP: 3/3
   678 | D:1      | HP: 6/24 [poisoned by an adder]
   683 | D:1      | HP: 5/24 [poisoned by an adder]
   691 | D:1      | HP: 3/24 [poisoned by an adder]
   993 | D:2      | Reached skill level 3 in Short Blades
  1357 | D:2      | Found a glowing silver altar of Zin.
  1358 | D:2      | Found an opulent altar of Gozag.
  1593 | D:2      | Noticed Natasha
  1605 | D:2      | HP: 5/24 [white imp/puff of frost[Natasha] (5)]
  1608 | D:2      | Killed Natasha
  1608 | D:2      | Reached XP level 4. HP: 6/29 MP: 4/4
  1894 | D:2      | Found a snail-covered altar of Cheibriados.
  1895 | D:2      | Found a blossoming altar of Fedhas.
  2392 | D:3      | Reached skill level 4 in Short Blades
  2500 | D:3      | Reached XP level 5. HP: 29/34 MP: 5/5
  2828 | D:3      | Noticed chequers's ghost (amateur DsCK)
  3012 | D:4      | Noticed Sigmund
  3137 | D:4      | Noticed Menkaure
  3154 | D:4      | Killed Menkaure
  3154 | D:4      | Reached skill level 5 in Short Blades
  3154 | D:4      | Reached skill level 7 in Stealth
  3154 | D:4      | Reached XP level 6. HP: 39/39 MP: 6/6
  3296 | D:4      | Reached skill level 6 in Short Blades
  3302 | D:4      | Noticed Robin
  3358 | D:4      | Reached XP level 7. HP: 45/45 MP: 7/7
  3423 | D:5      | Entered Level 5 of the Dungeon
  3576 | D:5      | Reached skill level 8 in Stealth
  3765 | D:5      | Found a staircase to the Ecumenical Temple.
  3781 | D:5      | Reached skill level 1 in Evocations
  3790 | Temple   | Entered the Ecumenical Temple
  3854 | Temple   | Became a worshipper of Dithmenos the Shadowed
  4049 | D:5      | Reached skill level 7 in Short Blades
  4304 | D:6      | Reached skill level 2 in Evocations
  4396 | D:6      | Reached XP level 8. HP: 50/50 MP: 9/9
  4513 | D:6      | Reached skill level 3 in Evocations
  4695 | D:6      | Reached skill level 8 in Short Blades
  4952 | D:6      | Noticed Pikel
  4964 | D:6      | Noticed Dowan
  4979 | D:6      | Slain by Pikel

Vanquished Creatures
  Menkaure (D:4)
  2 slaves (D:6)
  A centaur (D:6)
  A giant frog (D:4)
  A scorpion (D:5)
  2 crimson imps
  A giant frog zombie (D:6)
  2 jellies
  A centaur zombie (D:6)
  3 hounds
  A centaur skeleton (D:5)
  2 orc wizards
  Natasha (D:2)
  3 worker ants (D:4)
  A hound skeleton (D:6)
  A worker ant zombie (D:5)
  6 gnolls
  9 adders
  An ooze (D:3)
  2 worms
  A giant gecko (D:4)
  10 orcs
  A giant cockroach (D:4)
  4 goblins
  7 hobgoblins
  3 jackals (D:5)
  3 quokkas
  3 ball pythons
  16 bats
  2 giant gecko skeletons
  2 giant newts (D:2)
  4 kobolds
  A quokka zombie (D:5)
  4 rats
103 creatures vanquished.
